 Dungeon Sprint DCSS version 0.21.0-26-g889b8f6 (webtiles) character file.

1200000 doot the Conqueror (level 15, -91/159 HPs)
             Began as a Formicid Chaos Knight on Jan 27, 2018.
             Was a Believer of Makhleb.
             Annihilated by a destroyer
             ... wielding a +9 great sword of slicing
              (125 damage)
             ... in the Dungeon (Sprint VIII: "Arena of Blood").
             The game lasted 00:00:31 (12 turns).

doot the Conqueror (Formicid Chaos Knight)            Turns: 12, Time: 00:00:31

Health: -91/159    AC:  7    Str: 17    XL:     15   Next: 59%
Magic:  15/15      EV: 14    Int: 13    God:    Makhleb [**....]
Gold:   0          SH:  0    Dex: 15    Spells: 14/14 levels left

rFire    . . .     SeeInvis +   i - +∞ Axe of Woe
rCold    . . .     Gourm    .   (no shield)
rNeg     . . .     Faith    .   a - +2 leather armour
rPois    .         Spirit   .   (helmet unavailable)
rElec    .         Reflect  .   (no cloak)
rCorr    .         Harm     .   (no gloves)
MR       +....                  (no boots)
Stlth    +.........             (no amulet)
HPRegen  0.36/turn              (no ring)
MPRegen  0.14/turn              (no ring)

@: no status effects
A: permanent stasis, dig shafts and tunnels, four strong arms, antennae 3
a: Dig, Minor Destruction, Renounce Religion


You were in the Dungeon.
You worshipped Makhleb.
Makhleb was pleased with you.
You were not hungry.

You visited 1 branch

Inventory:

Hand Weapons
 i - the +∞ Axe of Woe (weapon)
   (You found it in the Dungeon)
Armour
 a - a +2 leather armour (worn)
Scrolls
 h - a scroll of blinking
Potions
 c - a potion of curing
 d - a potion of heal wounds
 e - a potion of haste
 f - 2 potions of magic
 g - a potion of berserk rage
Comestibles
 b - a ration


   Skills:
 O Level 27 Fighting
 + Level 10.0 Axes
 + Level 15.9 Armour
 + Level 4.0 Dodging
 + Level 24.3 Unarmed Combat


You had 14 spell levels left.
You didn't know any spells.

Dungeon Overview and Level Annotations

Branches:
Dungeon (1/1)

Altars:
Makhleb


Innate Abilities, Weirdness & Mutations

You cannot be hasted, slowed, berserked, paralysed or teleported.
You can dig through walls and to a lower floor.
Your four strong arms can wield two-handed weapons with a shield.
You have a pair of large antennae on your head. (SInv)


Message History

You kill the bag of meat!
Makhleb accepts your kill.
You can now harness Makhleb's destructive might.
You have mastered Fighting!
Your Axes skill gained 2 levels and is now at level 10!
Your Dodging skill increases to level 4!
Your Unarmed Combat skill increases to level 24!
You hear a shout!
The meat berserker rages.
You hear a shout! x5
The meat berserker appears out of thin air!
A meat berserker comes into view. It is wielding a +9 battleaxe.
You hear a shout! x2
The destroyer blinks!
The meat berserker hits you with a +9 battleaxe!!!!
* * * LOW HITPOINT WARNING * * *
You hear a shout! x5
The destroyer hits you with a +9 great sword of slicing!!!!
Ouch! That really hurt!
You die...

......... .........
#.......# .........V
#.......# .........O
.###.. ....###.....o...
......###...........o.#
......_.........OOo..
#.....#.)....o#.#o.
#_.<._.....)o.o.o.o
#.....#...V@)#.#.#
......_.......O..O....
......###.........#.#.#
.###.. ....###.O......
{{#.......# ..........
{ #.......#...........
............o.......
....#o..#.o.


You could see 2 destroyers, 6 meat berserkers and 12 bags of meat.

Vanquished Creatures
  5 orcs (D)
5 creatures vanquished.

Notes
Turn   | Place    | Note
-------+----------+-------------------------------------------
     0 | D        | Found the +∞ Axe of Woe
     0 | D        | doot the Formicid Chaos Knight began the quest for the Orb.
     0 | D        | Reached XP level 1. HP: 18/18 MP: 1/1
     3 | D        | Noticed a bag of meat
     3 | D        | Noticed a bag of meat
     4 | D        | Fell from the grace of Xom
     4 | D        | Became a worshipper of Makhleb the Destroyer
     8 | D        | Noticed a bag of meat
     8 | D        | Noticed a bag of meat
     9 | D        | Noticed a bag of meat
     9 | D        | Killed a bag of meat
     9 | D        | Reached skill level 19 in Fighting
     9 | D        | Reached XP level 2. HP: 51/51 MP: 2/2
     9 | D        | Reached XP level 3. HP: 58/58 MP: 3/3
     9 | D        | Reached XP level 4. HP: 65/65 MP: 4/4
     9 | D        | Reached XP level 5. HP: 72/72 MP: 5/5
     9 | D        | Reached XP level 6. HP: 79/79 MP: 6/6
     9 | D        | Reached XP level 7. HP: 85/85 MP: 7/7
     9 | D        | Reached XP level 8. HP: 93/93 MP: 8/8
     9 | D        | Reached XP level 9. HP: 99/99 MP: 9/9
     9 | D        | Reached XP level 10. HP: 107/107 MP: 10/10
     9 | D        | Reached XP level 11. HP: 113/113 MP: 11/11
     9 | D        | Reached XP level 12. HP: 120/120 MP: 12/12
    10 | D        | Noticed a meat berserker
    10 | D        | Noticed a bag of meat
    10 | D        | Noticed a bag of meat
    10 | D        | Noticed a bag of meat
    10 | D        | Noticed a bag of meat
    11 | D        | Noticed a meat berserker
    11 | D        | Noticed a bag of meat
    11 | D        | Noticed a bag of meat
    11 | D        | Noticed a meat berserker
    11 | D        | Noticed a bag of meat
    11 | D        | Noticed a meat berserker
    11 | D        | Noticed a destroyer
    11 | D        | Noticed a bag of meat
    12 | D        | Noticed a bag of meat
    12 | D        | Noticed a bag of meat
    12 | D        | Killed a bag of meat
    12 | D        | Reached * piety under Makhleb
    12 | D        | Reached skill level 22 in Fighting
    12 | D        | Reached skill level 5 in Axes
    12 | D        | Reached XP level 13. HP: 92/133 MP: 13/13
    12 | D        | Killed a bag of meat
    12 | D        | Reached skill level 24 in Fighting
    12 | D        | Reached XP level 14. HP: 101/146 MP: 14/14
    12 | D        | Killed a bag of meat
    12 | D        | Reached skill level 25 in Fighting
    12 | D        | Reached skill level 15 in Armour
    12 | D        | Reached XP level 15. HP: 108/156 MP: 15/15
    12 | D        | Reached ** piety under Makhleb
    12 | D        | Reached skill level 27 in Fighting
    12 | D        | Reached skill level 10 in Axes
    12 | D        | Annihilated by a destroyer

Skill      XL: |  1  2  3  4  5  6  7  8  9 10 11 12 13 14 15 |
---------------+----------------------------------------------+-----
Fighting       | 19 22 24 25 27 | 27.0
Axes           | 4 5 7 8 10 | 10.0
Armour         | 11 13 14 15 | 15.9
Dodging        | 2 3 4 |  4.0
Unarmed Combat | 18 20 22 23 24 | 24.3

Action                   |  1- 3 |  4- 6 |  7- 9 | 10-12 | 13-15 || total
-------------------------+-------+-------+-------+-------+-------++-------
Melee: Executioner's axe |     1 |       |       |     1 |       ||     2
 Abil: Dig               |     1 |       |       |       |       ||     1
